 Dungeon Crawl Stone Soup version 0.29.1-1-gd02db6906a (webtiles) character file.

Game seed: 4715568950879986577

114 iamoutofideas the Ruffian (level 4, -2/37 HPs)
             Began as a Ghoul Gladiator on Sept 19, 2022.
             Killed from afar by an orc wizard (9 damage)
             ... with a puff of flame
             ... on level 3 of the Dungeon.
             The game lasted 00:02:32 (2258 turns).

iamoutofideas the Ruffian (Ghoul Gladiator)         Turns: 2258, Time: 00:02:34

Health: -2/37      AC:  7    Str: 19    XL:     4   Next: 97%
Magic:  3/3        EV: 11    Int:  3    God:
Gold:   147        SH:  0    Dex: 10    Spells: 3/3 levels left

rFire   . . .      SeeInvis .     - Unarmed
rCold   + . .      Faith    .   (no shield)
rNeg    + + +      Spirit   .   g - +0 ring mail
rPois   ∞          Reflect  .   b - +0 helmet
rElec   .          Harm     .   (no cloak)
rCorr   .          Rampage  .   h - +0 pair of gloves
Will    .....                   (no boots)
Stlth   ..........              (no amulet)
HPRegen 0.00/turn               (no ring)
MPRegen 0.08/turn               (no ring)

@: confused, inhibited regen
A: claws 1, cold resistance 1, negative energy resistance 3, inhibited
regeneration, torment resistance 2, devour on kill
a: no special abilities


You were on level 3 of the Dungeon.
You visited 1 branch of the dungeon, and saw 3 of its levels.

You collected 147 gold pieces.

Inventory:

Missiles
 c - 3 throwing nets (quivered)
 d - a javelin
Armour
 a - a +0 leather armour
 b - a +0 helmet (worn)
 g - a +0 ring mail (worn)
 h - a +0 pair of gloves (worn)
Jewellery
 q - a +4 ring of protection
Scrolls
 f - a scroll of immolation {unknown}
 i - a scroll of noise {unknown}
 l - a scroll of identify {unknown}
 m - a scroll of magic mapping {unknown}
 o - a scroll of torment {unknown}
 p - a scroll of poison {unknown}
 s - a scroll of fear {unknown}
Potions
 e - 2 potions of might {unknown}
 j - 3 potions of curing {unknown}
 k - 3 potions of magic {unknown}
 n - a potion of degeneration {unknown}
 r - a potion of heal wounds {unknown}


   Skills:
 - Level 2.4 Fighting
 - Level 1.8 Throwing
 - Level 0.1 Armour
 - Level 3.0 Dodging
 + Level 5.5 Unarmed Combat


You had 3 spell levels left.
You didn't know any spells.
Your spell library contained the following spells:

 Spells                   Type           Power      Damage    Failure   Level
 Magic Dart               Conj           0%         1d3       71%         1
 Call Imp                 Summ           0%         N/A       85%         2
 Mephitic Cloud           Conj/Pois/Air  0%         N/A       97%         3


Dungeon Overview and Level Annotations

Branches:
Dungeon (3/15)

Altars:

Shops:
D:2 *


Innate Abilities, Weirdness & Mutations

You are immune to poison.
You have sharp fingernails.
Your flesh is cold resistant. (rC+)
You are immune to negative energy. (rN+++)
You do not regenerate when monsters are visible.
You are immune to unholy pain and torment.
You thrive by killing the living.


Message History

You feel less confused.
The orc wizard gestures wildly while chanting.
The orc wizard flickers and vanishes!
You hit the orc.
You kill the orc!
You feel better.
You hit the orc but do no damage. You barely miss the orc. You punch the orc.
The orc is almost dead.
The orc hits you with a +0 club.
You hear some strange, mumbled words.
A magic dart appears from out of thin air!
The magic dart hits you.
You punch something! The orc hits you with a +0 club.
You hear some strange, mumbled words.
A magic dart appears from out of thin air!
The magic dart hits you.
You hit the orc.
You kill the orc!
You hear some strange, mumbled words.
You are confused.
The rat barely misses you. Something hits you.
Things that are here:
a +0 hand axe; a scroll labelled CITSEE YLEIRUOTZ You are too confused!
You are too confused!
You're too confused to move!
Something hits you but does no damage.
You are electrocuted!
* * * LOW HITPOINT WARNING * * *
The rat bites you but does no damage. Something hits you.
* * * LOW HITPOINT WARNING * * *
You bump into the rock wall.
Something barely misses you. Something hits you but does no damage.
The rat barely misses you.
You miss something.
You hear some strange, mumbled words.
You are more confused.
You hear some strange, mumbled words.
A puff of flame appears from out of thin air!
The puff of flame hits you!
You die...

....###.......# #...
. #...#..........
....
#.#..##..#..........
.
.#.#.<.............##
.
.....######..........
.........>#.#+#......
............# .......
.........r###.......
.........{@........
.........##{....#..
.........##.....#
.........##........
.........##........
.........##........
...................
...#####...........
.. #..


You could see a rat.

Vanquished Creatures
  2 orc wizards (D:2)
  A dart slug (D:1)
  3 orcs (D:3)
  7 bats
  9 endoplasms
  A giant cockroach (D:2)
  7 goblins
  7 hobgoblins
  3 jackals (D:1)
  7 kobolds
  3 quokkas
  3 ball pythons
  4 frilled lizards
  5 rats (D:1)
62 creatures vanquished.

Notes
Turn   | Place    | Note
-------+----------+-------------------------------------------
     0 | D:1      | iamoutofideas the Ghoul Gladiator began the quest for the
                  | Orb.
     0 | D:1      | Reached XP level 1. HP: 17/17 MP: 0/0
   150 | D:1      | Reached XP level 2. HP: 24/24 MP: 1/1
   441 | D:1      | Reached XP level 3. HP: 22/30 MP: 2/2
   444 | D:1      | Reached skill level 4 in Unarmed Combat
   620 | D:1      | Found a faded altar of an unknown god.
  1119 | D:2      | Found Apixalot's General Store.
  1701 | D:2      | Reached XP level 4. HP: 37/37 MP: 3/3
  2071 | D:2      | Reached skill level 5 in Unarmed Combat
  2258 | D:3      | Killed from afar by an orc wizard

Illustrated notes

Levels and vault maps discovered:
D:1:      pf_arrival_petrified_forest, layout_basic,
          shapermc_ecumenical_altar_venn, minmay_distorted
D:2:      layout_basic, serial_shops, shop_fountains
D:3:      layout_basic, chequers_temple_overflow_statue_of_worship

Skill      XL: |  1  2  3  4 |
---------------+-------------+-----
Dodging        | 3 |  3.0
Unarmed Combat | 4 5 |  5.5
Fighting       | |  2.4
Throwing       | |  1.8
Armour         | |  0.1

Action                   |  1- 3 |  4- 6 || total
-------------------------+-------+-------++-------
Melee: Unarmed           |   167 |    65 ||   232
       Punch             |     4 |     2 ||     6
  Use: Scroll            |     1 |       ||     1
Armor: Leather armour    |    12 |       ||    12
       Ring mail         |    55 |    35 ||    90
Dodge: Dodged            |   107 |    30 ||   137
